 Dungeon Crawl Stone Soup version 0.31-a0-188-g5e087ee2ca (webtiles) character file.

Game seed: 4286357639284602903

157 Anon1729 the Chopper (level 5, -5/47 HPs)
             Began as a Minotaur Monk on June 23, 2023.
             Killed by nerve-wracking pain
             ... invoked by an orc priest
              (11 damage)
             ... on level 3 of the Dungeon.
             The game lasted 00:01:08 (1605 turns).

Anon1729 the Chopper (Minotaur Monk)                Turns: 1605, Time: 00:01:09

Health: -5/47      AC:  8    Str: 18    XL:     5   Next: 15%
Magic:  5/5        EV:  9    Int:  7    God:
Gold:   127        SH:  0    Dex: 12    Spells: 4/4 levels left

rFire   . . .        a - +0 hand axe
rCold   . . .        d - orb {light}
rNeg    . . .        s - +0 chain mail
rPois   .            (helmet restricted)
rElec   .            (no cloak)
rCorr   .            (no gloves)
SInv    .            (no boots)
Will    .....        (no amulet) Stlth
                     (no ring)
HPRegen 0.27/turn    (no ring)
MPRegen 0.09/turn

%: no passive effects
@: glowing
A: horns 2, retaliatory headbutt
a: no special abilities


You were on level 3 of the Dungeon.
You visited 1 branch of the dungeon, and saw 3 of its levels.

You collected 127 gold pieces.

Inventory:

Hand Weapons
 a - a +0 hand axe (weapon)
Missiles
 e - a throwing net
Armour
 b - a +0 robe
 d - an orb of light (worn)
 s - a +0 chain mail (worn)
Jewellery
 p - the ring "Soix" {Int+2 Dex+6}
   (You took it off a goblin on level 2 of the Dungeon)

   [ring of dexterity]

   Int:       It affects your intelligence (+2).
   Dex:       It affects your dexterity (+6).
Scrolls
 f - 2 scrolls of noise {unknown}
 g - a scroll of teleportation {unknown}
 k - 2 scrolls of vulnerability {unknown}
 l - a scroll of poison {unknown}
 m - a scroll of butterflies {unknown}
 n - a scroll of immolation {unknown}
 o - 4 scrolls of identify {unknown}
 q - a scroll of acquirement {unknown}
 r - a scroll of fog {unknown}
Potions
 c - a potion of ambrosia
 h - 2 potions of cancellation {unknown}
 i - a potion of degeneration {unknown}
 j - a potion of magic {unknown}
 t - a potion of might {unknown}


   Skills:
 + Level 4.3 Fighting
 * Level 5.1 Axes
 + Level 2.0 Armour
 + Level 4.0 Dodging
 + Level 1.7 Invocations


You had 4 spell levels left.
You didn't know any spells.
Your spell library contained the following spells:

 Spells                   Type           Power      Damage    Failure   Level
 Kiss of Death            Conj/Necr      0%         2d5       99%         1
 Confusing Touch          Hex            0%         N/A       100%        3
 Dispel Undead            Necr           0%         3d6       100%        4
 Summon Ice Beast         Ice/Summ       0%         N/A       100%        4
 Summon Mana Viper        Hex/Summ       0%         N/A       100%        5
 Monstrous Menagerie      Summ           0%         N/A       100%        7


Dungeon Overview and Level Annotations

Branches:
Dungeon (3/15)

Altars:
Ashenzari
Makhleb
Uskayaw

Shops:
D:2 :


Innate Abilities, Weirdness & Mutations

You have a pair of horns on your head.
You reflexively headbutt those who attack you in melee.


Message History

The orc priest is lightly wounded.
The orc priest invokes the aid of Beogh against you.
Pain shoots through your body!
You hit the orc priest. You headbutt the orc priest!
The orc priest is almost dead.
The orc priest barely misses you.
You barely miss the orc priest.
You headbutt the orc priest, but do no damage.
The orc priest is almost dead.
The orc priest hits you with a +0 whip.
You are too injured to fight recklessly!
You are too injured to fight recklessly!
You are too injured to fight recklessly!
You are too injured to fight recklessly!
You are too injured to fight recklessly!
You are too injured to fight recklessly!
You are too injured to fight recklessly!
You are too injured to fight recklessly!
You are too injured to fight recklessly!
You are too injured to fight recklessly!
You are too injured to fight recklessly!
You are too injured to fight recklessly!
You are too injured to fight recklessly!
You are too injured to fight recklessly!
You are too injured to fight recklessly!
You are too injured to fight recklessly!
You are too injured to fight recklessly!
You barely miss the orc priest. Your headbutt misses the orc priest.
The orc priest is almost dead.
The orc priest calls down the wrath of Beogh upon you.
Beogh smites you!
* * * LOW HITPOINT WARNING * * *
You hit the orc priest but do no damage.
The orc priest is almost dead.
The orc priest looks encouraged for a moment.
You completely miss the orc priest.
The orc priest is almost dead.
The orc priest mumbles some strange prayers to Beogh against you.
Pain shoots through your body!
You die...

######
##.....##..##.......####.
#.......#..######.....##.
#...........# ##.#....†.
#........##.####.......†.
##................####...
##....############.#...##
#.....#_#.# #...####
#....)8.#o#.#.#. #.......
#.......@)...... #.......
##.......)[..... #.......
#....8.#.#.#.#. #...#)##
#.#.##_### # #.#.....
#.#..### #.#..... #.##
.##..... .. #..... ...
...... .. ...


You could see an orc priest.

Vanquished Creatures
  Jessica (D:3)
  Terence (D:2)
  3 adders (D:2)
  2 dart slugs (D:2)
  6 orcs (D:3)
  7 ball pythons
  6 endoplasms
  4 giant cockroaches
  9 hobgoblins
  3 jackals (D:1)
  3 kobolds
  4 quokkas
  5 bats
  2 frilled lizards
  4 goblins
  3 rats
63 creatures vanquished.

Notes
Turn   | Place    | Note
-------+----------+-------------------------------------------
     0 | D:1      | Anon1729 the Minotaur Monk began the quest for the Orb.
     0 | D:1      | Reached XP level 1. HP: 19/19 MP: 0/0
    70 | D:1      | Reached XP level 2. HP: 27/27 MP: 1/1
   100 | D:1      | Reached skill level 4 in Axes
   536 | D:1      | Reached skill level 1 in Armour
   540 | D:1      | Reached XP level 3. HP: 27/33 MP: 2/2
   613 | D:2      | Found Bupnun's Book Boutique.
   694 | D:2      | Reached skill level 1 in Invocations
   815 | D:2      | Noticed Terence
   824 | D:2      | Killed Terence
   825 | D:2      | Reached XP level 4. HP: 21/40 MP: 3/3
   953 | D:2      | Identified the ring "Soix" {Int+2 Dex+6}
  1096 | D:2      | Found a broken altar of Ashenzari.
  1477 | D:3      | Noticed Jessica
  1483 | D:3      | Killed Jessica
  1484 | D:3      | Reached skill level 5 in Axes
  1484 | D:3      | Reached XP level 5. HP: 38/46 MP: 5/5
  1581 | D:3      | Found a burning altar of Makhleb.
  1585 | D:3      | Found a hide-covered altar of Uskayaw.
  1605 | D:3      | Killed from afar by an orc priest

Illustrated notes

Levels and vault maps discovered:
D:1:      wander_arrival_desolate, layout_basic
D:2:      layout_basic, basic_altar, serial_shops, shop,
          minmay_misc_feat_four_crosses, minmay_fractal_squares_gapless_5,
          uniq_terence
D:3:      layout_rooms, mainiacjoe_overflow_six_doors_small, minitemple,
          kennysheep_potato, uniq_jessica

Skill      XL: |  1  2  3  4  5 |
---------------+----------------+-----
Axes           | 4 5 |  5.1
Armour         | 1 2 |  2.0
Invocations    | 1 |  1.7
Fighting       | 4 |  4.3
Dodging        | 4 |  4.0

Action                     |  1- 3 |  4- 6 || total
---------------------------+-------+-------++-------
  Melee: Hand axe          |    60 |    68 ||   128
         Headbutt          |     8 |    16 ||    24
 Armour: Robe              |     7 |     4 ||    11
         Chain mail        |       |     5 ||     5
  Dodge: Dodged            |    43 |    38 ||    81

Table legend: (Time is in decaauts)
 A = Elapsed time spent in this place.
 B = Non-inter-level travel time spent in this place.
 C = Inter-level travel time spent in this place.
 D = Time resting spent in this place.
 E = Time spent auto-exploring this place.
 F = Levels seen in this place.
 G = Mean time per level.
                   A        B        C        D        E       F      G
               +--------+--------+--------+--------+--------+-----+--------+
         Total |   1614 |   1539 |     75 |     13 |   1221 |   3 |  538.0 |
       Dungeon |   1614 |   1539 |     75 |     13 |   1221 |   3 |  538.0 |
               +--------+--------+--------+--------+--------+-----+--------+

Top non-repeatable levels by time:
     D:2: 784 daAuts
     D:1: 619 daAuts
     D:3: 211 daAuts
